 Dungeon Crawl Stone Soup version 0.27-a0-419-g7a85846853 (webtiles) character file.

Game seed: 14302476136614006337

8 Chiseanne the Chopper (level 2, 14/21 HPs)
             Began as a Demonspawn Wanderer on Feb 26, 2021.
             Quit the game on level 1 of the Dungeon.
             The game lasted 00:00:25 (386 turns).

Chiseanne the Chopper (Demonspawn Wanderer)          Turns: 386, Time: 00:00:25

Health: 14/21      AC:  2    Str: 11    XL:     2   Next: 0%
Magic:  2/2        EV: 11    Int: 14    God:
Gold:   15         SH:  0    Dex: 12    Spells: 1/1 levels left

rFire    . . .     SeeInvis .   a - +2 falchion
rCold    . . .     Faith    .   (no shield)
rNeg     . . .     Spirit   .   c - +0 robe
rPois    .         Reflect  .   (no helmet)
rElec    .         Harm     .   (no cloak)
rCorr    .         Rampage  .   (no gloves)
Will     .....                  (no boots)
Stlth    +.........             (no amulet)
HPRegen  0.07/turn              (no ring)
MPRegen  0.08/turn              (no ring)

@: no status effects
A: claws 1
a: no special abilities


You were on level 1 of the Dungeon.
You visited 1 branch of the dungeon, and saw 1 of its levels.

You collected 15 gold pieces.

Inventory:

Hand Weapons
 a - a +2 falchion (weapon)
Missiles
 d - 33 stones (quivered)
 f - 37 sling bullets
Armour
 c - a +0 robe (worn)
Potions
 b - 2 potions of curing
 e - 3 potions of ambrosia {unknown}
 g - 2 potions of might {unknown}


   Skills:
 * Level 1.5 Fighting
 - Level 1.7 Long Blades
 - Level 2.6 Axes
 - Level 1.7 Armour
 * Level 1.0 Dodging
 - Level 2.0 Evocations


You had one spell level left.
You didn't know any spells.
Your spell library was empty.

Dungeon Overview and Level Annotations

Branches:
Dungeon (1/15)

Altars:


Innate Abilities, Weirdness & Mutations

You have sharp fingernails.


Message History

No target in view!
No target in view!
No target in view!
No target in view!
No target in view!
No target in view!
No target in view!
No target in view!
f - 37 sling bullets (gained 23)
g - a sedimented emerald potion
d - 33 stones (gained 17)
g - 2 sedimented emerald potions (gained 1)
A goblin comes into view. It is wielding a +0 dagger.
The goblin shouts!
You closely miss the goblin. The goblin closely misses you.
You riposte.
You miss the goblin. You hit the goblin.
The goblin is moderately wounded.
The goblin barely misses you. The goblin hits you but does no damage.
You closely miss the goblin.
The goblin is moderately wounded.
The goblin hits you with a +0 dagger.
You closely miss the goblin.
The goblin is moderately wounded.
The goblin hits you with a +0 dagger.
You closely miss the goblin.
The goblin is moderately wounded.
The goblin hits you with a +0 dagger.
You closely miss the goblin.
The goblin is moderately wounded.
The goblin hits you but does no damage.
You closely miss the goblin.
The goblin is moderately wounded.
The goblin barely misses you.
You riposte.
You hit the goblin.
You kill the goblin!
Your Dodging skill increases to level 1!
You have reached level 2!
Your demonic ancestry asserts itself...
Your fingernails lengthen.
Are you sure you want to abandon this character and quit the game? (Confirm with "yes".)

#.#.####
#.#...
#.##### #.#
#.#
#.##########
#.##..?....#
#.......##.#
####.##@#
#.##.)....#
#.#####.###
#?. # ###


There were no monsters in sight!

Vanquished Creatures
  A bat (D:1)
  A goblin (D:1)
  3 hobgoblins (D:1)
  A frilled lizard (D:1)
  A rat (D:1)
7 creatures vanquished.

Notes
Turn   | Place    | Note
-------+----------+-------------------------------------------
     0 | D:1      | Chiseanne the Demonspawn Wanderer began the quest for the
                  | Orb.
     0 | D:1      | Chiseanne set off with the following items: a +2 falchion,
                  | 2 potions of curing, a +0 robe
     0 | D:1      | Reached XP level 1. HP: 15/15 MP: 1/1
   386 | D:1      | Reached skill level 1 in Dodging
   386 | D:1      | Gained mutation: You have sharp fingernails. [demonic
                  | ancestry]
   386 | D:1      | Reached XP level 2. HP: 14/21 MP: 2/2
   386 | D:1      | Quit the game

Illustrated notes

Levels and vault maps discovered:
D:1:      eino_arrival_water_cross, layout_loops_cross

Skill      XL: |  1 |
---------------+----+-----
Dodging        | 1 |  1.0
Fighting       | |  1.5
Long Blades    | |  1.7
Axes           | |  2.6
Armour         | |  1.7
Evocations     | |  2.0

Action                   || total
-------------------------++-------
Melee: Falchion          ||    27
Armor: Robe              ||    10
Dodge: Dodged            ||    20
       Rpst.: Falchion   ||     5

Table legend: (Time is in decaauts)
 A = Elapsed time spent in this place.
 B = Non-inter-level travel time spent in this place.
 C = Inter-level travel time spent in this place.
 D = Time resting spent in this place.
 E = Time spent auto-exploring this place.
 F = Levels seen in this place.
 G = Mean time per level.
                   A        B        C        D        E       F      G
               +--------+--------+--------+--------+--------+-----+--------+
         Total |    392 |    392 |      0 |      0 |    337 |   1 |  392.0 |
       Dungeon |    392 |    392 |      0 |      0 |    337 |   1 |  392.0 |
               +--------+--------+--------+--------+--------+-----+--------+

Top non-repeatable levels by time:
     D:1: 392 daAuts
